Map: 2000 Atmospheres LE

Players

Azure

  • Race: Terran Terran

Seither - Winner!

  • Race: Terran Terran

Event: DreamHack SC2 Masters 2021 Fall

VOD

Have the link to the VOD?

Description

Time

  • Played on: July 28, 2021, 5:58 a.m.
  • Length: 10:40

All games in this series

Show
View Real Time Build Order
Export as new Build Order

Azure Terran 

Build Orders:  

Get SALT Encoding   

  12  0:00  SCV  
  13  0:12  SCV  
  14  0:17  Supply Depot  
  14  0:24  SCV  
  15  0:38  SCV  
  15  0:39  Barracks  
  16  0:44  Refinery  
  16  0:50  SCV  
  17  0:58  Barracks  
  17  1:02  SCV  
  18  1:08  Refinery  
  18  1:15  SCV  
  19  1:27  Supply Depot  
  19  1:28  Reaper  
  19  1:32  SCV  
  21  1:45  Reaper  
  21  1:46  Orbital Command  
  22  2:00  Reaper  
  23  2:07  Factory  
  23  2:14  SCV  
  24  2:17  Reaper  
  25  2:26  SCV  
  25  2:27  Supply Depot  
  26  2:33  Reaper  
  27  2:38  SCV  
  28  2:49  Reaper  
  28  2:50  SCV  
  30  2:52  Hellion  
  32  3:02  SCV  
  33  3:06  Command Center  
  33  3:07  Reaper  
  34  3:15  SCV  
  34  3:18  Hellion  
  37  3:21  Reaper  
  37  3:25  Supply Depot  
  38  3:34  SCV  
  37  3:38  Starport  
  37  3:44  Reaper  
  37  3:46  SCV  
  38  3:53  Reaper  
  37  3:59  SCV, Factory Tech Lab  
  36  4:11  SCV  
  36  4:12  Refinery  
  36  4:15  Starport Tech Lab  
  37  4:20  Barracks Reactor  
  37  4:21  Orbital Command  
  37  4:23  SCV  
  41  4:26  Cyclone  
  41  4:27  Marine  
  40  4:35  SCV  
  39  4:42  Viking  
  39  4:45  Marine  
  42  4:47  SCV  
  42  4:48  SCV  
  44  4:57  Marine x2  
  44  4:59  SCV  
  39  5:00  SCV  
  38  5:07  Marine  
  38  5:11  SCV  
  38  5:12  SCV  
  41  5:15  Marine  
  41  5:19  Siege Tank  
  45  5:22  Raven  
  45  5:23  Marine, SCV  
  45  5:24  SCV  
  50  5:31  Barracks Tech Lab  
  50  5:33  Supply Depot  
  50  5:34  Marine  
  51  5:35  SCV  
  51  5:37  SCV  
  51  5:41  Marine  
  54  5:48  SCV  
  54  5:49  SCV  
  56  5:51  Siege Tank  
  56  5:52  Marine  
  56  5:54  Supply Depot  
  60  5:59  Marine  
  60  6:00  SCV  
  60  6:01  Marine, SCV  
  60  6:02  Stimpack  
  62  6:09  Command Center  
  62  6:12  Marine, SCV  
  62  6:13  SCV  
  62  6:17  Marine, Starport Reactor  
  66  6:18  Marine  
  66  6:23  Siege Tank  
  66  6:24  SCV  
  66  6:25  SCV  
  69  6:29  Supply Depot  
  69  6:32  Marine  
  70  6:35  Marine  
  70  6:36  SCV  
  70  6:37  SCV  
  70  6:38  Supply Depot  
  73  6:44  Marine  
  73  6:46  Barracks  
  74  6:48  SCV  
  74  6:49  SCV  
  74  6:50  Marine  
  77  6:54  Medivac x2  
  77  6:56  Refinery  
  77  6:58  Marine  
  77  7:00  SCV  
  82  7:01  SCV  
  82  7:02  Marine  
  82  7:08  Marine  
  85  7:11  Siege Tank  
  85  7:12  SCV  
  85  7:13  Engineering Bay  
  85  7:15  SCV  
  90  7:16  Marine, Engineering Bay  
  90  7:20  Orbital Command  
  91  7:23  Marine  
  91  7:24  SCV  
  91  7:26  Marine  
  91  7:27  SCV  
  95  7:36  Barracks Reactor  
  95  7:38  Medivac x2  
  95  7:39  SCV  
  95  7:42  Barracks x2  
  95  7:44  Marine x3  
  101  7:47  SCV  
  101  7:48  Orbital Command  
  104  7:52  Siege Tank  
  104  7:58  SCV  
  108  8:00  SCV  
  108  8:03  Terran Infantry Weapons Level 1  
  109  8:06  Supply Depot  
  109  8:07  Supply Depot  
  109  8:11  Supply Depot  
  109  8:20  Marine x2  
  109  8:21  Marine x3  
  109  8:22  SCV  
  101  8:33  Siege Tank  
  101  8:34  Medivac x2  
  103  8:35  Barracks Reactor  
  103  8:38  Marine x2  
  103  8:39  Marine x2, SCV  
  103  8:40  SCV  
  108  8:44  Refinery x2  
  108  8:45  Terran Infantry Armor Level 1, SCV  
  108  8:46  Supply Depot  
  108  8:48  Marine  
  109  8:50  Barracks Reactor  
  109  8:54  SCV x2  
  112  8:56  Marine x2  
  112  8:57  SCV  
  114  9:05  Missile Turret  
  114  9:06  SCV  
  114  9:08  Marine x2  
  114  9:09  Siege Tank  
  110  9:11  Marine x2  
  112  9:18  Medivac  
  112  9:19  Marine x2  
  116  9:25  Marine  
  116  9:26  Marine  
  116  9:27  Marine x3  
  116  9:29  Marine x2  
  116  9:32  SCV x2  
  116  9:37  Marine x2  
  119  9:42  Marine, Siege Tank  
  119  9:44  Marine  
  119  9:45  Marine x3  
  127  9:47  Marine x2  
  129  9:53  Supply Depot  
  129  9:54  Supply Depot  
  129  9:55  Marine x2  
  131  10:00  Marine, Viking x2  
  131  10:01  Marine  
  131  10:02  Marine x2  
  131  10:03  Marine, Supply Depot  
  131  10:05  Marine x2  
  132  10:13  Marine x2  
  124  10:18  Marine  
  124  10:19  Marine  
  124  10:20  Marine x3  
  127  10:22  Marine, Supply Depot  
  127  10:25  Supply Depot  
  127  10:26  Command Center  
Show
View Real Time Build Order
Export as new Build Order

Seither Terran - Winner!

Build Orders:  

Get SALT Encoding   

  12  0:00  SCV  
  13  0:12  SCV  
  14  0:17  Supply Depot  
  14  0:24  SCV  
  15  0:39  SCV  
  15  0:40  Barracks  
  16  0:44  Refinery  
  16  0:51  SCV  
  16  0:53  Refinery  
  17  1:03  SCV  
  18  1:15  SCV  
  19  1:28  Orbital Command  
  19  1:29  Reaper  
  19  1:32  Supply Depot  
  20  1:43  Factory  
  20  1:55  SCV  
  20  2:01  Reaper  
  22  2:07  SCV  
  23  2:19  SCV  
  24  2:28  Command Center  
  24  2:30  Hellion  
  24  2:31  SCV  
  24  2:34  Barracks Reactor  
  27  2:40  Supply Depot  
  27  2:43  SCV  
  28  2:53  Widow Mine  
  28  2:55  SCV  
  28  2:56  Starport  
  31  3:07  SCV  
  31  3:11  Marine x2  
  34  3:15  Factory Tech Lab  
  34  3:19  SCV  
  35  3:29  Marine x2  
  35  3:31  SCV  
  36  3:35  Cyclone  
  39  3:43  Orbital Command, Medivac, SCV  
  41  3:49  Marine x2  
  42  3:55  SCV  
  42  3:59  Supply Depot  
  43  4:07  Siege Tank  
  43  4:08  Orbital Command  
  46  4:10  Refinery  
  46  4:13  Marine x2  
  48  4:17  Starport Tech Lab  
  48  4:24  SCV  
  48  4:31  Marine x2  
  51  4:40  Raven  
  51  4:43  SCV  
  51  4:44  SCV  
  55  4:47  Supply Depot  
  55  4:49  Marine x2  
  57  4:56  SCV x2  
  59  5:07  Marine x2  
  57  5:08  SCV  
  57  5:10  SCV  
  59  5:17  Siege Tank  
  59  5:20  SCV  
  57  5:23  SCV  
  57  5:24  Marine x2  
  57  5:27  Raven  
  62  5:29  Command Center  
  62  5:32  Supply Depot, SCV  
  62  5:35  SCV  
  64  5:44  Marine x2, SCV  
  64  5:47  SCV  
  64  5:48  Refinery  
  64  5:49  Supply Depot  
  68  5:56  SCV  
  68  6:02  SCV  
  72  6:04  Siege Tank  
  72  6:08  SCV  
  73  6:15  SCV  
  74  6:20  SCV  
  74  6:22  Marine  
  74  6:23  Viking x2  
  80  6:26  Engineering Bay  
  80  6:27  Engineering Bay, Stimpack  
  80  6:30  Barracks x2  
  80  6:33  SCV x2  
  80  6:36  Supply Depot, Siege Tank  
  80  6:38  Supply Depot  
  85  6:43  Marine  
  86  6:48  SCV x2, Orbital Command  
  88  6:54  Terran Infantry Armor Level 1, Terran Infantry Weapons Level 1  
  88  7:00  Viking x2  
  92  7:06  SCV x2  
  92  7:07  Marine  
  95  7:12  Siege Tank  
  98  7:21  Barracks Reactor  
  98  7:22  Barracks Reactor  
  98  7:27  Missile Turret x2  
  98  7:28  SCV x2  
  98  7:29  Missile Turret  
  100  7:33  Marine  
  100  7:34  Viking x2  
  100  7:36  SCV  
  106  7:38  Supply Depot  
  106  7:40  SCV  
  107  7:50  Sensor Tower  
  107  7:51  Siege Tank  
  107  7:53  SCV x2  
  107  7:58  Marine x3  
  115  8:09  Missile Turret  
  115  8:10  Orbital Command  
  115  8:12  Medivac x2  
  119  8:13  Marine x2  
  119  8:16  Marine x2  
  121  8:29  SCV x2  
  121  8:30  Siege Tank  
  121  8:33  Marine x2, Combat Shield  
  125  8:38  Marine x2  
  125  8:40  Barracks  
  127  8:41  Barracks  
  127  8:48  Marine  
  128  8:50  Medivac x2  
  128  8:51  Marine x2, SCV x3  
  137  8:57  Supply Depot  
  137  9:02  Refinery  
  137  9:04  Refinery  
  137  9:09  Marine x5  
  136  9:11  Siege Tank  
  136  9:14  SCV  
  141  9:20  Medivac  
  141  9:27  Marine  
  141  9:28  Liberator  
  135  9:31  Barracks Reactor x2  
  135  9:32  SCV x2  
  135  9:34  Marine x4  
  141  9:45  Marine, Siege Tank  
  142  9:51  Marine  
  142  9:52  Marine x3  
  146  9:57  Armory  
  146  9:58  Command Center  
  146  10:03  Marine  
  146  10:08  Marine  
  146  10:09  Marine x2  
  146  10:12  Marine  
  149  10:24  Supply Depot  
  149  10:26  SCV x3, Supply Depot  

Tags
 
Add a new tag
Caveats
  • Supply blocks, unpowered buildings, or Contaminate may cause inaccurate times.
  • Supply counts are checked every 10 seconds.